 Dungeon Crawl Stone Soup version 0.17-a0-1572-g7a1422d (webtiles) character file.

5649 Chiseanne the Spear-Bearer (level 10, 0/77 HPs)
             Began as a Demonspawn Artificer on July 25, 2015.
             Was an Elder of Nemelex Xobeh.
             Slain by Sonja
             ... wielding a +0 short sword of distortion
              (4 damage)
             ... on level 10 of the Dungeon.
             The game lasted 00:42:07 (8629 turns).

Chiseanne the Spear-Bearer (Demonspawn Artificer)   Turns: 8629, Time: 00:42:07

Health: 0/77       AC: 16    Str: 14    XL:     10   Next: 46%
Magic:  0/15       EV: 15    Int: 17    God:    Nemelex Xobeh [****..]
Gold:   1197       SH:  0    Dex: 14    Spells: 1 memorised, 8 levels left

rFire  + + .     SeeInvis .     a - +0 glaive of Arpheaschir {flame, MR+}
rCold  . . .     Clarity  .     u - +4 scale mail {rF+}
rNeg   . . .     SustAt   .     (no shield)
rPois  .         Gourm    .     (helmet restricted)
rElec  .         Spirit   +     m - +2 cloak
rCorr  .         Warding  .     (no gloves)
rMut   .         Stasis   .     (no boots)
MR     +....                    (no amulet)
Stlth  ..........               l - +3 ring of evasion
                                g - +3 ring of intelligence

@: cleaving, slowed, very slow, somewhat resistant to hostile enchantments,
extremely unstealthy
A: antennae 2, yellow scales 1, fire resistance 1, powered by death 1, magic
shield
a: Triple Draw, Deal Four, Renounce Religion


You were on level 10 of the Dungeon.
You worshipped Nemelex Xobeh.
Nemelex Xobeh was greatly pleased with you.
You were not hungry.

You visited 1 branch of the dungeon, and saw 10 of its levels.

You collected 1197 gold pieces.

Inventory:

Hand weapons
 a - the +0 glaive of Arpheaschir (weapon) {flame, MR+}
   (You found it on level 7 of the Dungeon)

   It has been specially enchanted to burn those struck by it, causing extra
   injury to most foes and up to half again as much damage against particularly
   susceptible opponents.
   Big, fiery blades are also staple armaments of hydra-hunters.
   It affects your resistance to hostile enchantments.
 w - a +0 blowgun
Missiles
 e - 12 tomahawks (quivered)
 h - 61 bolts
 i - 33 poisoned arrows
 o - 65 poisoned needles
 r - 2 curare-tipped needles
 z - 206 arrows
 N - 17 sling bullets of frost
 S - 29 sling bullets
Armour
 m - a +2 cloak (worn)
 u - a +4 scale mail of fire resistance (worn)
Rods
 q - a +6 rod of ignition (12/12)
   (You acquired it on level 8 of the Dungeon)
Jewellery
 g - a +3 ring of intelligence (left hand)
 l - a +3 ring of evasion (right hand)
Magical devices
 c - a wand of flame (10)
 n - a wand of digging (4)
 s - a wand of teleportation (5)
 C - a wand of lightning (9)
 Q - a wand of random effects (13)
Scrolls
 A - 3 scrolls of magic mapping
 D - 2 scrolls of enchant weapon
 J - 2 scrolls of immolation
 K - a scroll of teleportation
 L - 6 scrolls of identify
 O - a scroll of remove curse
Potions
 b - a potion of brilliance
 k - a potion of curing
 t - 2 potions of flight
 v - 2 potions of ambrosia
 y - a potion of haste
 I - a potion of invisibility
Books
 B - a book of the Dragon

   Spells                             Type                      Level
   a - Flame Tongue                   Conjuration/Fire             1
   b - Cause Fear                     Hexes                        4
   c - Bolt of Fire                   Conjuration/Fire             6
   d - Dragon Form                    Transmutation                7
   e - Dragon's Call                  Summoning                    9
 F - a book of Party Tricks

   Spells                             Type                      Level
   a - Summon Butterflies             Summoning                    1
   b - Apportation                    Translocation                1
   c - Tukima's Dance                 Hexes                        3
   d - Alistair's Intoxication        Transmutation/Poison         4
   e - Invisibility                   Hexes                        6
Miscellaneous
 d - an ornate deck of escape {god gift}
 x - a plain deck of war {drawn: 2} {god gift}
 E - an ornate deck of war {drawn: 5} {god gift}
 H - a plain deck of escape {god gift}
 R - a plain deck of war {god gift}
Comestibles
 f - 11 bread rations
 j - 7 meat rations
 G - 10 slices of pizza
 M - 2 chunks of flesh


   Skills:
 + Level 6.6 Fighting
   Level 0.8 Short Blades
 - Level 8.7 Polearms
 + Level 6.0 Armour
 + Level 5.4 Dodging
 - Level 0.8 Stealth
 * Level 6.7 Evocations


You had 8 spell levels left.
You knew the following spells:

 Your Spells              Type           Power        Failure   Level  Hunger
a - Apportation           Tloc           #.........   83%         1    ##.....


Dungeon Overview and Level Annotations

Branches:
Dungeon (10/15)            Temple (0/1) D:7            Lair (0/8) D:9
    Orc (0/4) D:9

Altars:
Ashenzari
Dithmenos
Fedhas
Kikubaaqudgha
Nemelex Xobeh
Qazlal
Trog
Zin

Shops:
D:2 *   D:9 :

Annotations:
D:10 Sonja


Innate Abilities, Weirdness & Mutations

You have a pair of antennae on your head.
You are partially covered in yellow scales (AC +2).
You regenerate a little health from kills.
When hurt, damage is shared between your health and your magic reserves.
Your flesh is heat resistant.


Message History

Sonja barely misses you. Sonja hits you but does no damage.
Space warps horribly around you!
* * * LOW HITPOINT WARNING * * *
Sonja barely misses you. Sonja hits you but does no damage.
Space bends around you.
* * * LOW HITPOINT WARNING * * *
Sonja barely misses you.
Drink which item? (? for menu, Esc to quit)
Okay, then.
Read which item? (? for menu, Esc to quit)
As you read the scroll labeled ABYREI IXTI, it crumbles to dust.
It is a scroll of recharging.
Charge which item? (? for menu, Esc to quit)
Your +6 rod of ignition (12/12) glows for a moment.
You feel less regenerative. Sonja hits you but does no damage.
Space warps horribly around you!
* * * LOW HITPOINT WARNING * * *
Sonja hits you with an uncursed short sword of distortion.
You die...
Your body glows with a rainbow of weird colours and disappears.

#........
#........
#........
#........
#........
#........
#........
#(..../..
#@.......
#)K......
#........
#........
.)..ยง....
.........
.........
..........
....#


You could see Sonja.

Vanquished Creatures
  A wolf (D:8)
  A fire drake (D:9)
  A hill giant zombie (D:9)
  A hog (D:7)
  A human (D:7)
  Grum (D:8)
  2 hungry ghosts (D:9)
  A hippogriff (D:8)
  A mottled dragon (D:6)
  An ice beast (D:8)
  2 orc warriors (D:9)
  An ogre (D:4)
  3 centaurs
  A big kobold (D:8)
  5 giant frogs
  5 scorpions
  A troll zombie (D:9)
  21 killer bees
  3 vampire bats (D:2)
  2 wights (D:10)
  A crimson imp (D:9)
  A giant frog zombie (D:7)
  3 hounds
  3 orc priests
  Ijyb (D:3)
  A gnoll shaman (D:9)
  2 iguanas
  8 worker ants
  6 orc wizards
  2 sheep (D:7)
  4 ogre zombies (D:9)
  A worker ant zombie (D:5)
  7 gnolls
  7 adders
  7 river rats (D:5)
  2 oozes
  An adder zombie (D:6)
  4 worms
  2 giant geckos
  22 orcs
  4 bat skeletons
  4 bat zombies (D:2)
  8 giant cockroaches
  6 goblins
  13 hobgoblins
  13 jackals
  2 ball pythons
  13 bats
  7 giant newts
  A goblin skeleton (D:9)
  A goblin zombie (D:9)
  2 hobgoblin skeletons (D:9)
  4 hobgoblin zombies (D:9)
  A jackal skeleton (D:4)
  11 kobolds
  11 orc zombies (D:9)
  8 quokkas
  A quokka skeleton (D:7)
  38 rats
  A fungus (D:4)
289 creatures vanquished.

Vanquished Creatures (collateral kills)
  A wolf (D:8)
  An eye of draining (D:5)
  2 phantoms
  2 ogres
  A wyvern skeleton (D:9)
  A killer bee (D:9)
  A wight (D:10)
  A giant frog zombie (D:7)
  An orc priest (D:9)
  3 orc wizards
  A sheep (D:7)
  2 ogre zombies (D:9)
  A worker ant zombie (D:7)
  2 gnolls (D:8)
  4 orcs
  A hobgoblin (D:7)
  2 goblins
  3 goblin zombies (D:9)
  5 kobolds
  3 orc zombies (D:9)
  A quokka zombie (D:5)
39 creatures vanquished.

Vanquished Creatures (others)
  An orc warrior (D:8)
  A killer bee (D:9)
  A scorpion (D:9)
  A gnoll shaman (D:8)
  A worker ant (D:9)
  A gnoll (D:8)
6 creatures vanquished.

Grand Total: 334 creatures vanquished

Notes
Turn   | Place    | Note
--------------------------------------------------------------
     0 | D:1      | Chiseanne the Demonspawn Artificer began the quest for the Orb.
     0 | D:1      | Reached XP level 1. HP: 15/15 MP: 3/3
   375 | D:1      | Gained mutation: You regenerate a little health from kills. [demonic ancestry]
   375 | D:1      | Reached XP level 2. HP: 19/21 MP: 4/4
   824 | D:2      | Found a blossoming altar of Fedhas.
   944 | D:2      | Gained mutation: You have a pair of small antennae on your head. [demonic ancestry]
   944 | D:2      | Reached XP level 3. HP: 13/27 MP: 5/5
  1016 | D:2      | Found Zin's Purification Station.
  1018 | D:2      | Found a glowing silver altar of Zin.
  1094 | D:2      | Reached skill level 1 in Armour
  1150 | D:2      | Found a shattered altar of Ashenzari.
  1429 | D:2      | Found an ancient bone altar of Kikubaaqudgha.
  1429 | D:2      | Noticed a vampire bat
  1429 | D:2      | Noticed a vampire bat
  1429 | D:2      | Noticed a vampire bat
  1475 | D:2      | Killed a vampire bat
  1475 | D:2      | Reached XP level 4. HP: 19/34 MP: 6/6
  1494 | D:2      | Killed a vampire bat
  1494 | D:2      | Reached XP level 5. HP: 24/41 MP: 7/7
  1504 | D:2      | Killed a vampire bat
  1677 | D:2      | Found a sparkling altar of Nemelex Xobeh.
  1693 | D:2      | Became a worshipper of Nemelex Xobeh the Trickster
  1739 | D:3      | Received a gift from Nemelex Xobeh
  1739 | D:3      | Noticed Terence
  1746 | D:3      | Noticed Terence
  1746 | D:3      | Terence changed into Terence the gnoll
  1751 | D:3      | Killed Terence the gnoll
  1819 | D:3      | Noticed Ijyb
  2253 | D:3      | Gained mutation: You are partially covered in yellow scales (AC +2). [demonic ancestry]
  2253 | D:3      | Reached XP level 6. HP: 44/47 MP: 8/8
  2303 | D:3      | Killed Ijyb
  2759 | D:4      | Reached skill level 4 in Evocations
  2901 | D:4      | Received a gift from Nemelex Xobeh
  2930 | D:4      | Found a shadowy altar of Dithmenos.
  3089 | D:4      | Reached XP level 7. HP: 49/55 MP: 10/10
  3331 | D:5      | Entered Level 5 of the Dungeon
  3641 | D:5      | Received a gift from Nemelex Xobeh
  3769 | D:5      | Learned a level 1 spell: Apportation
  3807 | D:5      | Reached skill level 5 in Fighting
  3897 | D:5      | Found a bloodstained altar of Trog.
  4205 | D:5      | Received a gift from Nemelex Xobeh
  4423 | D:5      | Identified a scroll of acquirement
  4582 | D:6      | Reached XP level 8. HP: 48/62 MP: 11/11
  4617 | D:6      | Reached skill level 5 in Evocations
  5418 | D:7      | Reached skill level 5 in Armour
  5567 | D:7      | Received a gift from Nemelex Xobeh
  5606 | D:7      | Found a staircase to the Ecumenical Temple.
  5819 | D:7      | Got an ebony glaive
  5820 | D:7      | Identified the cursed +0 glaive of Arpheaschir {flame, MR+} (You found it on level 7 of the Dungeon)
  5913 | D:7      | Reached skill level 1 in Polearms
  6070 | D:8      | Received a gift from Nemelex Xobeh
  6104 | D:8      | Gained mutation: When hurt, damage is shared between your health and your magic reserves. [demonic ancestry]
  6104 | D:8      | Reached XP level 9. HP: 69/69 MP: 12/12
  6163 | D:8      | Reached skill level 5 in Polearms
  6235 | D:8      | Reached skill level 6 in Polearms
  6357 | D:8      | Reached skill level 7 in Polearms
  6540 | D:8      | Noticed Grum
  6597 | D:8      | Killed Grum
  6597 | D:8      | Reached skill level 8 in Polearms
  6654 | D:8      | Identified a +4 rod of ignition (10/10) (You acquired it on level 8 of the Dungeon)
  6672 | D:8      | Acquired Nemelex Xobeh's first power
  6784 | D:8      | Received a gift from Nemelex Xobeh
  7167 | D:9      | Noticed Psyche
  7171 | D:9      | Noticed Psyche
  7171 | D:9      | Psyche changed into Psyche the scorpion
  7178 | D:9      | Gained mutation: You have a pair of antennae on your head. [demonic ancestry]
  7178 | D:9      | Reached XP level 10. HP: 76/76 MP: 14/14
  7196 | D:9      | Psyche the scorpion (ally) was killed
  7196 | D:9      | Your ally Psyche died
  7253 | D:9      | Found a staircase to the Orcish Mines.
  7329 | D:9      | Reached skill level 5 in Dodging
  7353 | D:9      | Gained mutation: Your flesh is heat resistant. [potion of beneficial mutation]
  7886 | D:9      | Noticed a fire drake
  7892 | D:9      | Killed a fire drake
  7934 | D:9      | Found a staircase to the Lair.
  8008 | D:9      | Found Ypumip's Book Emporium.
  8192 | D:9      | Received a gift from Nemelex Xobeh
  8208 | D:9      | Acquired Nemelex Xobeh's second power
  8238 | D:9      | Found a stormy altar of Qazlal.
  8478 | D:10     | Entered Level 10 of the Dungeon
  8619 | D:10     | Noticed Sonja
  8629 | D:10     | Slain by Sonja

Vault maps used:
D:1:      dpeg_arrival_orchard, st_stairs_13
D:2:      zin_purify, lemuel_coloured_pillars_altar, kennysheep_vampire_church,
          fedhas_altar_2, first_bread, nicolae_ashenzari_panopticon
D:3:      uniq_terence, uniq_iyjb
D:4:      kennysheep_little_box, minmay_gold_behind_fungi
D:5:      lemuel_ratsnest, trog_eyes_of_draining, serial_bayou_ford_a
D:6:      grunt_ministairs_11, solitary_fountain
D:7:      lemuel_ice_spiral_2, minmay_temple_entry_junction2, grunt_livestock
D:8:      uniq_grum
D:9:      kennysheep_mini_moat, minmay_lair_entry_lava, zombieorc2_lemuel,
          serial_shops, nicolae_shop_statue_plus, serial_glass, glass_columns_a,
          glass_columns_a, glass_columns_a, glass_columns_a, uniq_psyche
D:10:     serial_shops, nicolae_shop_behind_doors, minmay_sticks_and_stones,
          uniq_joseph, uniq_sonja

Action                   |  1- 3 |  4- 6 |  7- 9 | 10-12 || total
-------------------------+-------+-------+-------+-------++-------
Melee: Short sword       |   225 |   143 |       |       ||   368
       Rapier            |       |   140 |   483 |       ||   623
       Glaive            |       |       |   192 |   211 ||   403
Evoke: Wand              |     3 |    16 |    24 |     6 ||    49
       Deck              |       |     6 |    16 |     9 ||    31
       Rod               |       |       |     1 |       ||     1
  Use: Scroll            |     7 |     9 |    10 |     2 ||    28
       Potion            |       |       |     3 |     3 ||     6
 Stab: Sleeping          |     2 |       |       |       ||     2
  Eat: Chunk             |     2 |     6 |     8 |     1 ||    17
       Fruit             |       |       |     4 |       ||     4
       Royal jelly       |       |       |     1 |       ||     1
       Beef jerky        |       |       |     3 |       ||     3
       Pizza             |       |       |       |     1 ||     1
